 Dungeon Crawl Stone Soup version 0.21.0 (webtiles) character file.

167371 edsrzf the Vampiric Blade (level 17, -4/135 HPs)
             Began as a Vampire Hunter on Jan 13, 2018.
             Was the Champion of Trog.
             Killed from afar by a shock serpent (32 damage)
             ... with a bolt of electricity
             ... on level 4 of the Snake Pit.
             The game lasted 01:54:48 (33048 turns).

edsrzf the Vampiric Blade (Vampire Hunter)         Turns: 33048, Time: 01:54:48

Health: -4/135     AC: 19    Str: 16      XL:     17   Next: 6%
Magic:  30/30      EV: 17    Int: 14 (15) God:    Trog [******]
Gold:   2280       SH:  0    Dex: 17 (18) Spells: 16/16 levels left

rFire    . . .     SeeInvis +   b - +5 triple sword (slice)
rCold    + . .     Gourm    .   (shield currently unavailable)
rNeg     . . .     Faith    +   H - +4 scale mail {rPois}
rPois    +         Spirit   .   B - +2 hat
rElec    .         Reflect  .   (no cloak)
rCorr    .         Harm     .   r - +2 pair of gloves {Dex+3}
MR       +....                  w - +0 pair of boots
Stlth    ++++......             A - amulet of faith {!P}
HPRegen  0.52/turn              g - +5 ring of evasion
MPRegen  0.22/turn              R - ring "Simnie" {+Blink rC+ MP+9 Stlth+}

@: about to teleport, regenerating quickly, constricted
A: claws 1, fangs 3, repulsion field 1, yellow scales 1, see invisible,
deterioration 1, unbreathing
}: 1/15 runes: serpentine
a: Berserk, Trog's Hand, Brothers in Arms, Burn Spellbooks, Renounce Religion,
Evoke Blink


You were on level 4 of the Snake Pit.
You worshipped Trog.
Trog was exalted by your worship.
You were almost alive.

You visited 4 branches of the dungeon, and saw 27 of its levels.
You visited 1 bazaar.
You also visited: Ice Cave and Volcano.

You collected 2704 gold pieces.
You spent 424 gold pieces at shops.

Inventory:

Hand Weapons
 a - a +2 dagger of venom
 b - a +5 triple sword of slicing (weapon)
 T - a +2 dagger of electrocution
Missiles
 c - 5 javelins (quivered)
 p - 4 needles of sleeping
 v - 4 throwing nets {=f}
 y - 3 needles of confusion
 M - 7 needles of paralysis
 N - 7 poisoned javelins
 O - 15 javelins of penetration
 P - 13 curare-tipped needles {=f}
 X - 3 tomahawks of dispersal
 Z - 7 steel javelins
Armour
 r - a +2 pair of gloves of dexterity (worn)
 w - a +0 pair of boots (worn)
 B - a +2 hat (worn)
 H - a +4 scale mail of poison resistance (worn)
Jewellery
 g - a +5 ring of evasion (left hand)
 k - an uncursed ring of flight
 o - an uncursed ring of poison resistance
 A - an amulet of faith (around neck) {!P}
 R - the ring "Simnie" (right hand) {+Blink rC+ MP+9 Stlth+}
   (You found it on level 14 of the Dungeon)

   [ring of protection from cold]

   It protects you from cold.
   It affects your magic capacity (+9).
   It lets you blink.
   It makes you more stealthy.
 V - an uncursed ring of protection from cold
Wands
 q - a wand of enslavement (19)
 x - a wand of paralysis (8)
 D - a wand of flame (21)
 E - a wand of iceblast (10)
 F - a wand of digging (8)
 I - a wand of acid (13)
 U - a wand of clouds (5)
 Y - a wand of disintegration (21)
Scrolls
 e - a scroll of fear
 j - 6 scrolls of enchant armour
 m - 6 scrolls of magic mapping
 n - 14 scrolls of remove curse {@r2}
 s - 4 scrolls of identify {@r1}
 J - 13 scrolls of teleportation {@r3}
 K - 6 scrolls of blinking
Potions
 d - 2 potions of invisibility
 f - 5 potions of haste
 h - 10 potions of curing
 i - 4 potions of resistance
 l - 2 potions of magic
 u - a potion of heal wounds
 z - 5 potions of flight
 C - a potion of cancellation
 L - a potion of ambrosia
 W - 6 potions of might
Books
 Q - a book of Geomancy
 S - the Grimoire of the Supportive Blaze
   (You found it on level 1 of the Snake Pit)

   Spells                             Type                      Level
   a - Throw Flame                    Conjuration/Fire             2
   b - Call Imp                       Summoning                    2
   c - Conjure Flame                  Conjuration/Fire             3
   d - Summon Guardian Golem          Hexes/Summoning              3
   e - Summon Forest                  Summoning/Translocation      5
   f - Summon Demon                   Summoning                    5
   Trog disapproves of the use of such an item.
Miscellaneous
 t - a box of beasts


   Skills:
 - Level 12.4 Fighting
 - Level 4.6(16.5) Short Blades
 + Level 21.8(21.9) Long Blades
 - Level 9.0 Throwing
 - Level 3.0 Armour
 - Level 7.0 Dodging
 - Level 10.0 Stealth
 + Level 5.3 Evocations


You had 16 spell levels left.
You didn't know any spells.

Dungeon Overview and Level Annotations

Branches:
Dungeon (15/15)            Temple (0/1) D:7            Lair (6/6) D:10
 Shoals (0/4) Lair:2        Snake (4/4) Lair:4        Slime (0/5) Lair:6
    Orc (2/2) D:10            Elf (0/3) Orc:2        Depths (0/5) D:15
 Vaults: D:13-14

Altars:
Ashenzari
Cheibriados
Dithmenos
Elyvilon
Gozag
Kikubaaqudgha
Makhleb
Nemelex Xobeh
Okawaru
Qazlal
Ru
Trog
Vehumet
Xom
The Shining One
Beogh
Jiyva

Shops:
D:11 }   Orc:1 ?   Orc:2 ([*=


Innate Abilities, Weirdness & Mutations

Your natural rate of healing is unusually fast.
You have razor-sharp teeth.
You have supernaturally acute eyesight. (SInv)
You can survive without breathing.
You have sharp fingernails.
You are surrounded by a mild repulsion field. (EV +2)
You are partially covered in yellow scales. (AC +2)
Your body sometimes deteriorates upon taking damage.


Message History

The anaconda constricts you. The anaconda completely misses you.
The anaconda bites you. The anaconda constricts you.
A naga comes into view. It is wielding a long sword.
You barely miss the anaconda.
The anaconda is almost dead.
The anaconda bites you.
The anaconda bites you but does no damage.
The anaconda constricts you. The anaconda completely misses you.
The naga shouts!
You slash the anaconda!
You kill the anaconda!
Trog accepts your kill.
You feel your dexterity returning.
You hear a shout! x3
The anaconda bites you! The anaconda constricts you.
The anaconda barely misses you. The anaconda constricts you.
You hear a shout!
As you read the scroll of teleportation {@r3}, it crumbles to dust.
You feel strangely unstable. The anaconda barely misses you.
The anaconda constricts you.
Unknown command.
You slice the anaconda!!
The anaconda is severely wounded.
The anaconda closely misses you. The anaconda constricts you.
The anaconda misses you. The anaconda constricts you.
The naga barely misses you.
You riposte.
You slash the naga!
The naga is severely wounded.
You miss the anaconda.
The anaconda is severely wounded.
The anaconda bites you but does no damage.
The anaconda constricts you.
You slice the anaconda!!
You kill the anaconda!
Trog accepts your kill. Something appears at your feet!
Trog grants you a weapon! The naga hits you with a scimitar!
The naga closely misses you.
Press: ? - help, v - describe, . - travel, g - get item An iridescent short sword {god gift}.
The floor, spattered with blood.
Unknown command.
You slash the naga!
You kill the naga!
Trog accepts your kill.
Your surroundings suddenly seem different.
A guardian serpent comes into view.
The guardian serpent shouts!
You hear an angry hiss.
A nagaraja comes into view. It is wielding a halberd.
The nagaraja shouts!
You hear a shout! x2
A naga comes into view. It is wielding a long sword.
The naga shouts!
Found a serpentine rune of Zot. 2 anacondas come into view.
A shock serpent comes into view.
The anaconda hisses angrily.
You hear a shout! x2
The shock serpent hisses angrily.
The nagaraja spits poison at you. The splash of poison misses you.
The splash of poison hits the guardian serpent.
The guardian serpent completely resists.
You hear an angry hiss.
You hear a shout!
You hear an angry hiss.
You hear a shout! x2
You see here a serpentine rune of Zot.
You pick up the serpentine rune and feel its power.
Press } to see all the runes you have collected.
The guardian serpent barely misses you.
You riposte.
You barely miss the guardian serpent. Your bite misses the guardian serpent.
The anaconda barely misses you. The anaconda misses you.
The guardian serpent hits you.
As you read the scroll of teleportation {@r3}, it crumbles to dust.
You feel strangely unstable. The anaconda grabs you.
The anaconda bites you but does no damage.
* * * LOW HITPOINT WARNING * * *
The anaconda constricts you.
The anaconda bites you but does no damage.
The guardian serpent coils itself and performs some mystic snake dance.
The shock serpent blinks!
The nagaraja blinks!
The shock serpent barely misses you. The nagaraja hits you with a halberd!!
* * * LOW HITPOINT WARNING * * *
Your body deteriorates!
You feel clumsy.
Unknown command.
You feel much better. The anaconda closely misses you. The anaconda misses you.
The anaconda constricts you. The guardian serpent misses you.
The anaconda completely misses you. The anaconda misses you.
The anaconda constricts you. The shock serpent misses you.
You riposte.
You slice the shock serpent!!
The shock serpent is severely wounded.
The shock serpent's electric aura discharges violently, shocking you!
* * * LOW HITPOINT WARNING * * *
The guardian serpent coils itself and performs some mystic snake dance.
You closely miss the shock serpent. Your bite misses the shock serpent.
The shock serpent is severely wounded.
The anaconda closely misses you.
You riposte.
You hit the anaconda.
The anaconda is lightly wounded.
* * * LOW HITPOINT WARNING * * *
The anaconda constricts you. The anaconda bites you.
* * * LOW HITPOINT WARNING * * *
The shock serpent shoots out a bolt of lightning at you!
The bolt of electricity hits you!
You die...

********##*
**,,,,,,,..##*
,,,,,,,,,....##*
,⌠,,,,,,,⌠.....#*
,,,,,⌠,,,,,.....*
,,,,,,,,,,,,#...##
8,8,8,8,8,8,*#...#
,,,,,,,,,,,,,*#SS#
,,,,,,,,,,,,,,#S@#
,,,,,,,,,,,,,*#NS#
8,8,8,8,8,8,*#..N#
,,,,,,,,,,,,#§..##
,,,,,⌠,,,,,.....*
,⌠,,,,,,,⌠.....#*
,,,,,,,,,....##*
**,,,,,,,..##*
***********


You could see a nagaraja, 2 anacondas, a shock serpent, a guardian serpent and a
naga.

Vanquished Creatures
  Bai Suzhen (Snake:4)
  Rupert (Lair:3)
  Agnes (D:15)
  5 nagarajas
  An orc warlord (Orc:2)
  The ghost of DunwichHorror the Fighter, a journeyman FoSu of Makhleb (Orc:1)
  Nessos (Lair:4)
  3 fire dragons
  Josephine (D:11)
  5 naga warriors
  Harold (Lair:4)
  An ice dragon (D:15)
  13 anacondas
  2 centaur warriors
  5 hydras
  2 ogre magi (D:15)
  Erica (D:9)
  A death knight (D:13)
  A death yak (D:10)
  A tengu warrior (D:15)
  A catoblepas (D:13)
  A hell hog (Volcano)
  20 two-headed ogres
  An orc high priest (Orc:2)
  7 shock serpents
  6 naga sharpshooters
  The ghost of DunwichHorror the Fighter, a novice FoSu of Okawaru (D:8)
  A skeletal warrior (D:13)
  3 unseen horrors
  A swamp dragon (Lair:6)
  3 naga ritualists
  5 orc knights (Orc:2)
  An obsidian statue (D:15)
  2 mana vipers (Snake:1)
  A necromancer (IceCv)
  6 orc sorcerers
  3 ugly things
  5 salamanders
  4 elephants
  4 cyclopes
  A guardian serpent (Snake:4)
  18 naga magi
  A torpor snail (shapeshifter) (D:13)
  28 black mambas
  A torpor snail (Lair:6)
  14 spiny frogs
  2 ice statues (IceCv)
  5 komodo dragons
  9 ice devils (IceCv)
  2 efreet
  2 rime drakes (Lair:6)
  A freezing wraith (D:13)
  A tengu conjurer (D:15)
  A meliai (shapeshifter) (D:15)
  A polar bear (Lair:6)
  3 meliai (Lair:6)
  8 trolls
  A merfolk (shapeshifter) (D:13)
  A queen bee (Lair:6)
  12 hippogriffs
  9 blink frogs
  A hornet (D:11)
  A meliai zombie (D:14)
  A shadow (D:15)
  7 wraiths
  71 yaks
  4 fire bats (Volcano)
  6 wyverns
  13 basilisks
  A hungry ghost (D:15)
  4 steam dragons
  5 wargs (Orc:2)
  4 vampire mosquitoes
  33 nagas
  A soldier ant (D:13)
  Edmund (D:5)
  An acid dragon (Lair:6)
  6 water moccasins
  3 hell hounds (Volcano)
  Duvessa (D:7)
  8 porcupines
  A hornet zombie (D:15)
  26 orc warriors
  An eye of draining (D:12)
  A swamp drake (Lair:6)
  3 sky beasts
  2 necrophages (D:15)
  15 ogres
  6 ice beasts
  3 black bears
  4 boggarts (D:15)
  14 wolves
  5 phantoms
  15 centaurs
  16 crocodiles
  2 big kobolds
  19 bullfrogs
  A wyvern skeleton (D:13)
  Dowan (D:7)
  9 scorpions
  A water moccasin skeleton (D:5)
  A troll zombie (D:15)
  17 killer bees
  A wight (D:15)
  3 electric eels
  9 howler monkeys
  13 crimson imps
  4 bullfrog zombies
  3 quasits
  6 centaur zombies
  A draconian simulacrum (IceCv)
  18 orc wizards
  7 jellies
  4 bullfrog skeletons
  3 human zombies (D:15)
  11 orc priests
  6 hounds
  4 centaur skeletons
  7 iguanas
  15 worker ants
  3 spriggan simulacra (IceCv)
  A troll simulacrum (IceCv)
  2 centaur simulacra (IceCv)
  A hound zombie (D:9)
  5 mummies (D:15)
  6 gnolls
  A howler monkey skeleton (D:7)
  2 naga simulacra (IceCv)
  14 adders
  An ogre simulacrum (IceCv)
  6 shadow imps
  7 oozes
  An adder skeleton (D:6)
  2 adder zombies (D:6)
  5 worms
  6 dart slugs
  7 leopard geckos
  56 orcs
  5 giant cockroaches
  15 goblins
  14 hobgoblins
  6 jackals
  5 quokkas
  4 ball pythons
  6 bats
  4 frilled lizards
  A jackal zombie (D:5)
  23 kobolds
  A leopard gecko skeleton (D:6)
  A leopard gecko zombie (D:8)
  A quokka skeleton (D:4)
  A quokka zombie (D:5)
  7 rats
915 creatures vanquished.

Vanquished Creatures (collateral kills)
  A nagaraja (Snake:3)
1 creature vanquished.

Vanquished Creatures (others)
  A salamander (Snake:1)
  A basilisk (Lair:6)
  A worker ant (D:14)
  26 fungi
  7 plants
36 creatures vanquished.

Grand Total: 952 creatures vanquished

Notes
Turn   | Place    | Note
-------+----------+-------------------------------------------
     0 | D:1      | edsrzf the Vampire Hunter began the quest for the Orb.
     0 | D:1      | Reached XP level 1. HP: 16/16 MP: 1/1
    70 | D:1      | Reached skill level 2 in Fighting
    70 | D:1      | Reached skill level 2 in Stealth
   103 | D:1      | Reached XP level 2. HP: 22/22 MP: 2/2
   107 | D:1      | Reached skill level 1 in Short Blades
   187 | D:1      | HP: 1/22 [kobold/short sword (6)]
   407 | D:1      | Reached skill level 3 in Stealth
   412 | D:1      | Reached XP level 3. HP: 24/27 MP: 3/3
   837 | D:2      | Reached skill level 2 in Short Blades
   952 | D:2      | Reached XP level 4. HP: 34/34 MP: 4/4
  1193 | D:2      | Reached skill level 4 in Stealth
  1495 | D:2      | Found a bloodstained altar of Trog.
  1503 | D:2      | Became a worshipper of Trog the Wrathful
  1696 | D:3      | Reached skill level 3 in Fighting
  1806 | D:3      | Reached XP level 5. HP: 27/41 MP: 5/5
  1944 | D:3      | Found an iron altar of Okawaru.
  2041 | D:3      | Reached skill level 3 in Short Blades
  2044 | D:3      | Reached * piety under Trog
  2126 | D:3      | Reached skill level 5 in Stealth
  2566 | D:4      | Found a transporter.
  2572 | D:4      | Found a transporter.
  2580 | D:4      | Noticed an ogre
  2592 | D:4      | Killed an ogre
  2592 | D:4      | Reached XP level 6. HP: 42/48 MP: 6/6
  2613 | D:4      | Reached skill level 4 in Fighting
  2613 | D:4      | Reached skill level 4 in Short Blades
  2613 | D:4      | Reached skill level 6 in Stealth
  2695 | D:4      | Found an ancient bone altar of Kikubaaqudgha.
  2695 | D:4      | Found a white marble altar of Elyvilon.
  2696 | D:4      | Found a burning altar of Makhleb.
  2770 | D:4      | Found a glowing golden altar of the Shining One.
  2931 | D:4      | Reached XP level 7. HP: 55/55 MP: 7/7
  3047 | D:4      | Reached skill level 7 in Stealth
  3297 | D:5      | Entered Level 5 of the Dungeon
  3362 | D:5      | Reached ** piety under Trog
  3379 | D:5      | Reached skill level 1 in Long Blades
  3432 | D:5      | Identified 3 scrolls of fear
  3433 | D:5      | Identified 3 scrolls of identify
  3433 | D:5      | Identified a potion of haste
  3583 | D:5      | Reached skill level 5 in Fighting
  3583 | D:5      | Reached skill level 2 in Long Blades
  3583 | D:5      | Reached skill level 8 in Stealth
  3675 | D:5      | Reached XP level 8. HP: 62/62 MP: 8/8
  3812 | D:5      | Noticed Edmund
  4005 | D:5      | Killed Edmund
  4005 | D:5      | Reached skill level 3 in Long Blades
  4062 | D:5      | Identified 3 potions of curing
  4063 | D:5      | Identified 2 potions of resistance
  4151 | D:6      | Reached skill level 9 in Stealth
  4350 | D:6      | Reached skill level 6 in Fighting
  4350 | D:6      | Reached skill level 4 in Long Blades
  4399 | D:6      | Reached *** piety under Trog
  4447 | D:6      | Reached skill level 10 in Stealth
  4627 | D:6      | Reached skill level 3 in Dodging
  4680 | D:6      | Reached XP level 9. HP: 62/71 MP: 9/9
  4735 | D:6      | Found a sacrificial altar of Ru.
  4872 | D:6      | Reached skill level 5 in Long Blades
  4990 | D:6      | Found a shadowy altar of Dithmenos.
  5030 | D:7      | Noticed Duvessa
  5030 | D:7      | Noticed Dowan
  5062 | D:7      | Killed Duvessa
  5068 | D:7      | Killed Dowan
  5178 | D:7      | Found a staircase to the Ecumenical Temple.
  5260 | D:7      | Reached skill level 4 in Dodging
  5264 | D:7      | Reached **** piety under Trog
  5276 | D:7      | Identified 7 scrolls of remove curse
  5294 | D:7      | Identified 4 potions of mutation
  5320 | D:7      | Reached skill level 7 in Fighting
  5411 | D:7      | Reached skill level 6 in Long Blades
  5415 | D:7      | Reached skill level 5 in Dodging
  5712 | D:7      | Received a gift from Trog
  5965 | D:8      | Noticed a two-headed ogre
  5979 | D:8      | Killed a two-headed ogre
  5979 | D:8      | Reached skill level 6 in Dodging
  5979 | D:8      | Reached XP level 10. HP: 80/80 MP: 10/10
  6022 | D:8      | Reached skill level 7 in Long Blades
  6023 | D:8      | Reached skill level 8 in Fighting
  6082 | D:8      | Identified 3 potions of flight
  6149 | D:8      | Noticed a two-headed ogre
  6212 | D:8      | Killed a two-headed ogre
  6461 | D:8      | Reached skill level 7 in Dodging
  6567 | D:8      | Noticed DunwichHorror's ghost (novice FoSu)
  6588 | D:8      | Killed DunwichHorror's ghost
  6588 | D:8      | Reached ***** piety under Trog
  6588 | D:8      | Reached skill level 1 in Armour
  6736 | D:8      | Received a gift from Trog
  6802 | D:8      | Found a stormy altar of Qazlal.
  6802 | D:8      | Found a shimmering altar of Xom.
  6855 | D:8      | Reached skill level 8 in Long Blades
  6859 | D:8      | Reached skill level 2 in Armour
  7083 | D:8      | Found a snail-covered altar of Cheibriados.
  7198 | D:9      | Received a gift from Trog
  7332 | D:9      | Found a sparkling altar of Nemelex Xobeh.
  7364 | D:9      | Found a shattered altar of Ashenzari.
  7605 | D:9      | Reached skill level 9 in Fighting
  7621 | D:9      | Found a white marble altar of Elyvilon.
  7849 | D:9      | Reached skill level 3 in Armour
  8034 | D:9      | Noticed a two-headed ogre
  8324 | D:9      | Found a radiant altar of Vehumet.
  8391 | D:9      | Noticed Erica
  8444 | D:9      | Killed a two-headed ogre
  8444 | D:9      | Reached XP level 11. HP: 85/89 MP: 11/11
  8674 | D:9      | Received a gift from Trog
  8832 | D:9      | Killed Erica
  8832 | D:9      | Reached skill level 9 in Long Blades
  8832 | D:9      | Reached skill level 4 in Throwing
  8870 | D:10     | Entered Level 10 of the Dungeon
  8978 | D:10     | Found a staircase to the Orcish Mines.
  9012 | D:10     | Noticed a death yak
  9196 | D:10     | Killed a death yak
  9277 | D:10     | Found a staircase to the Lair.
  9313 | D:10     | Noticed a two-headed ogre
  9335 | D:10     | Killed a two-headed ogre
  9335 | D:10     | Reached skill level 10 in Fighting
  9335 | D:10     | Reached skill level 5 in Throwing
  9906 | D:11     | Identified 4 scrolls of enchant armour
  9907 | D:11     | Identified 4 scrolls of magic mapping
  9908 | D:11     | Identified 2 scrolls of enchant weapon
  9909 | D:11     | Identified 2 scrolls of blinking
  9969 | D:11     | Found a frozen archway.
  9971 | D:11     | Noticed a cyan ugly thing
  9982 | D:11     | Killed a cyan ugly thing
  9982 | D:11     | Reached skill level 10 in Long Blades
  9995 | IceCv    | Entered an ice cave
 10405 | IceCv    | Identified a potion of invisibility
 10444 | IceCv    | Received a gift from Trog
 10564 | IceCv    | Noticed a necromancer
 10573 | IceCv    | Killed a necromancer
 10573 | IceCv    | Reached skill level 6 in Throwing
 10590 | IceCv    | Identified 9 scrolls of teleportation
 10591 | IceCv    | Identified a potion of magic
 10703 | IceCv    | Reached XP level 12. HP: 22/99 MP: 12/12
 11516 | D:11     | Noticed a two-headed ogre
 11523 | D:11     | Killed a two-headed ogre
 11667 | D:11     | Reached skill level 11 in Fighting
 11880 | D:11     | Reached skill level 11 in Long Blades
 11938 | D:11     | Reached skill level 7 in Throwing
 11985 | D:11     | Found Vighaomi's Gadget Boutique.
 12028 | D:11     | Received a gift from Trog
 12088 | D:11     | Noticed Josephine
 12345 | D:11     | Killed Josephine
 12525 | Lair:1   | Entered Level 1 of the Lair of Beasts
 12535 | Lair:1   | Identified 2 potions of degeneration
 12780 | Lair:1   | Noticed an eight-headed hydra
 13011 | Lair:1   | Killed a one-headed hydra
 13247 | Lair:1   | Received a gift from Trog
 13352 | Lair:1   | Identified 3 potions of heal wounds
 13574 | Lair:2   | Reached skill level 8 in Throwing
 13683 | Lair:2   | Noticed an eight-headed hydra
 13697 | Lair:2   | Reached XP level 13. HP: 75/107 MP: 13/13
 13925 | Lair:2   | Reached ****** piety under Trog
 13929 | Lair:2   | Reached skill level 12 in Long Blades
 13934 | Lair:2   | Received a gift from Trog
 13960 | Lair:2   | Reached skill level 12 in Fighting
 14316 | Lair:2   | Received a gift from Trog
 14448 | Lair:2   | Identified a scroll of random uselessness
 14678 | Lair:2   | Found a staircase to the Shoals.
 15022 | Lair:3   | Noticed Rupert
 15049 | Lair:3   | Killed Rupert
 15061 | Lair:3   | Identified a scroll of fog
 15094 | Lair:3   | Reached skill level 9 in Throwing
 15108 | Lair:3   | Found a dark tunnel.
 15115 | Volcano  | Entered a volcano
 15282 | Volcano  | Noticed a fire dragon
 15296 | Volcano  | Killed a fire dragon
 15296 | Volcano  | Reached skill level 13 in Long Blades
 15311 | Volcano  | Identified a potion of lignification
 15455 | Lair:3   | Identified a scroll of immolation
 15564 | Lair:3   | Identified a scroll of vulnerability
 15566 | Lair:3   | Got a transparent ivory amulet
 15761 | Lair:3   | Identified a scroll of noise
 15803 | Lair:3   | Identified a scroll of acquirement
 16174 | Lair:4   | Identified a scroll of silence
 16187 | Lair:4   | Found a staircase to the Snake Pit.
 16294 | Lair:4   | Noticed Nessos
 16311 | Lair:4   | Killed Nessos
 16342 | Lair:4   | Gained mutation: Armour fits poorly on your strangely shaped body. [potion of mutation]
 16342 | Lair:4   | Gained mutation: Your mind is acute. (Int +2) [potion of mutation]
 16342 | Lair:4   | Gained mutation: Your flesh is heat resistant. (rF+) [potion of mutation]
 16342 | Lair:4   | Gained mutation: You passively map a small area around you. [potion of mutation]
 16343 | Lair:4   | Lost mutation: Your flesh is heat resistant. (rF+) [potion of mutation]
 16343 | Lair:4   | Lost mutation: Your mind is acute. (Int +2) [potion of mutation]
 16343 | Lair:4   | Lost mutation: Armour fits poorly on your strangely shaped body. [potion of mutation]
 16343 | Lair:4   | Lost mutation: You passively map a small area around you. [potion of mutation]
 16343 | Lair:4   | Gained mutation: You are partially covered in yellow scales. (AC +2) [potion of mutation]
 16343 | Lair:4   | Gained mutation: You have sharp fingernails. [potion of mutation]
 16343 | Lair:4   | Gained mutation: You are surrounded by a mild repulsion field. (EV +2) [potion of mutation]
 16513 | Lair:4   | Noticed Harold
 16555 | Lair:4   | Killed Harold
 16871 | Lair:5   | Reached skill level 14 in Long Blades
 17638 | Lair:6   | Entered Level 6 of the Lair of Beasts
 17656 | Lair:6   | Identified a potion of brilliance
 17657 | Lair:6   | Identified a potion of cancellation
 17773 | Lair:6   | Reached XP level 14. HP: 89/116 MP: 14/14
 18019 | Lair:6   | Identified 2 potions of ambrosia
 18025 | Lair:6   | Identified 4 potions of berserk rage
 18141 | Lair:6   | Received a gift from Trog
 18153 | Lair:6   | Found a staircase to the Slime Pits.
 18153 | Lair:6   | Found a viscous altar of Jiyva.
 18297 | Lair:6   | Reached skill level 15 in Long Blades
 18333 | Lair:6   | Identified a potion of agility
 18355 | Lair:6   | Received a gift from Trog
 18389 | Lair:6   | Identified the amulet of Jabafeuj {Inacc rPois rC- rN+ Dex+5} (You found it on level 3 of the Lair of Beasts)
 18798 | Lair:6   | Received a gift from Trog
 19689 | D:12     | Reached skill level 16 in Long Blades
 20256 | D:13     | Received a gift from Trog
 20641 | D:13     | Received a gift from Trog
 20853 | D:13     | Identified a scroll of amnesia
 21233 | Orc:1    | Entered Level 1 of the Orcish Mines
 21283 | Orc:1    | Found Hudib's Magic Scroll Boutique.
 21294 | Orc:1    | Found a roughly hewn altar of Beogh.
 21296 | Orc:1    | Bought a scroll of identify for 28 gold pieces
 21301 | Orc:1    | Noticed DunwichHorror's ghost (journeyman FoSu)
 21316 | Orc:1    | Killed DunwichHorror's ghost
 21316 | Orc:1    | Reached skill level 17 in Long Blades
 21815 | Orc:2    | Entered Level 2 of the Orcish Mines
 21893 | Orc:2    | Found a staircase to the Elven Halls.
 22298 | Orc:2    | Found Fuzaun's Jewellery Shoppe.
 22319 | Orc:2    | Received a gift from Trog
 22324 | Orc:2    | Reached XP level 15. HP: 41/122 MP: 15/15
 22637 | Orc:2    | Found Xaipsiguko's Antique Weapon Shop.
 22647 | Orc:2    | HP: 5/122 [orc warrior/hand axe (5)]
 22652 | Orc:2    | Noticed an orc warlord
 22885 | Orc:2    | Killed an orc warlord
 22950 | Orc:2    | Gained mutation: Your body sometimes deteriorates upon taking damage. [a neqoxec]
 23295 | Orc:2    | Found Vagesaiss's Antique Armour Boutique.
 23339 | Orc:2    | Found Sayp's General Store.
 23789 | D:13     | Reached skill level 18 in Long Blades
 24319 | D:14     | Got a transparent wooden ring
 24321 | D:14     | Identified the ring "Simnie" {+Blink rC+ MP+9 Stlth+} (You found it on level 14 of the Dungeon)
 24780 | D:15     | Entered Level 15 of the Dungeon
 24983 | D:15     | Received a gift from Trog
 25310 | D:15     | Found a gateway to a bazaar.
 25324 | Bazaar   | Entered a bazaar
 25341 | Bazaar   | Found Eqoogykenn's Magic Scroll Shoppe.
 25356 | Bazaar   | Found Zuc Weogh's Armour Emporium.
 25371 | Bazaar   | Found Buler's Gadget Shoppe.
 25386 | Bazaar   | Found Qyut's Antique Armour Shoppe.
 25457 | Bazaar   | Bought a scroll of enchant weapon for 112 gold pieces
 25458 | Bazaar   | Bought a scroll of enchant armour for 112 gold pieces
 25496 | Bazaar   | Bought a pair of runed gloves for 172 gold pieces
 25686 | D:15     | Noticed Agnes
 25709 | D:15     | Reached skill level 19 in Long Blades
 25808 | D:15     | Found an iron altar of Okawaru.
 25819 | D:15     | Killed Agnes
 26171 | D:15     | Found an ancient bone altar of Kikubaaqudgha.
 26218 | D:15     | Found a staircase to the Depths.
 26230 | D:15     | HP: 1/183 [fire dragon/blast of flame (30)]
 27147 | Snake:1  | Entered Level 1 of the Snake Pit
 27546 | Snake:1  | Identified a scroll of holy word
 27676 | Snake:1  | Found an opulent altar of Gozag.
 27966 | Snake:1  | Reached skill level 20 in Long Blades
 27966 | Snake:1  | Reached XP level 16. HP: 129/129 MP: 16/16
 28401 | Snake:1  | Found a runed door.
 28438 | Snake:1  | Received a gift from Trog
 28714 | Snake:1  | Received a gift from Trog
 28719 | Snake:1  | Identified the Grimoire of the Supportive Blaze
 29734 | Snake:2  | Found an opulent altar of Gozag.
 30509 | Snake:3  | Reached skill level 21 in Long Blades
 30887 | Snake:3  | Received a gift from Trog
 30899 | Snake:3  | Reached skill level 1 in Evocations
 31252 | Snake:4  | Entered Level 4 of the Snake Pit
 31464 | Snake:4  | Reached skill level 2 in Evocations
 31477 | Snake:4  | Noticed Bai Suzhen
 31875 | Snake:4  | Reached skill level 3 in Evocations
 32390 | Snake:4  | Killed Bai Suzhen
 32390 | Snake:4  | Received a gift from Trog
 32390 | Snake:4  | Reached skill level 4 in Evocations
 32766 | Snake:4  | Reached XP level 17. HP: 21/135 MP: 20/20
 32770 | Snake:4  | HP: 6/135 [poisoned by a nagaraja (poison arrow)]
 32915 | Snake:4  | Reached skill level 5 in Evocations
 33042 | Snake:4  | Received a gift from Trog
 33045 | Snake:4  | Got a serpentine rune of Zot
 33048 | Snake:4  | Killed from afar by a shock serpent

Skill      XL: |  1  2  3  4  5  6  7  8  9 10 11 12 13 14 15 16 17 |
---------------+----------------------------------------------------+-----
Fighting       | 2 3 4 5 6 7 9 10 11 12 | 12.4
Stealth        | 2 3 4 5 6 8 10 | 10.0
Short Blades   | 1 2 3 4 |  4.6
Long Blades    | 2 4 6 8 10 11 14 17 20 21 | 21.8
Dodging        | 3 6 7 |  7.0
Armour         | 3 |  3.0
Throwing       | 6 8 9 |  9.0
Evocations     | 4 5 |  5.3

Action                   |  1- 3 |  4- 6 |  7- 9 | 10-12 | 13-15 | 16-18 || total
-------------------------+-------+-------+-------+-------+-------+-------++-------
Melee: Short sword       |   150 |   180 |     7 |       |       |       ||   337
       Bite              |    22 |    23 |    36 |   122 |   234 |    55 ||   492
       Dagger            |       |    24 |   349 |   386 |     9 |     9 ||   777
       Falchion          |       |       |    54 |   139 |       |       ||   193
       Scimitar          |       |       |       |   482 |   523 |       ||  1005
       Triple sword      |       |       |       |       |   831 |   363 ||  1194
Throw: Javelin           |     2 |     9 |     1 |    12 |     6 |       ||    30
       Throwing net      |       |     2 |     1 |       |       |       ||     3
       Tomahawk          |       |       |       |     3 |       |       ||     3
Invok: Burn Spellbooks   |       |       |     1 |       |       |     2 ||     3
       Berserk           |       |       |     2 |    11 |    14 |    11 ||    38
       Trog's Hand       |       |       |       |       |     6 |       ||     6
       Brothers in Arms  |       |       |       |       |       |     1 ||     1
Evoke: Wand              |       |       |       |       |     1 |     2 ||     3
  Use: Scroll            |       |       |     7 |    13 |    22 |     6 ||    48
       Potion            |       |       |       |       |     9 |     4 ||    13
 Stab: Sleeping          |     2 |     9 |    17 |    16 |    26 |    10 ||    80
       Held in net/web   |       |     1 |     2 |       |       |       ||     3
       Distracted        |       |       |     1 |     3 |     5 |     4 ||    13
       Confused          |       |       |       |       |     2 |       ||     2
  Eat: Corpse            |     9 |    10 |    14 |    37 |    67 |    21 ||   158
Armor: Leather armour    |    27 |    23 |    15 |       |       |       ||    65
       Scale mail        |       |       |   156 |   281 |   492 |   124 ||  1053
Dodge: Dodged            |    99 |    85 |   151 |   433 |   947 |   311 ||  2026
       Rpst.: Falchion   |       |       |     5 |    24 |       |       ||    29
       Scimitar          |       |       |       |    53 |    72 |       ||   125
       Triple sword      |       |       |       |       |   140 |    61 ||   201
